 Dungeon Crawl Stone Soup version 0.23-a0-480-g1869896 (webtiles) character file.

174 riellis the Changer (level 5, -1/44 HPs)
             Began as a Draconian Transmuter on Nov 29, 2018.
             Slain by an orc priest
             ... wielding a +0 club
              (2 damage)
             ... on level 3 of the Dungeon.
             The game lasted 00:08:10 (3533 turns).

riellis the Changer (Draconian Transmuter)          Turns: 3533, Time: 00:08:10

Health: -1/44      AC:  5    Str: 10 (13) XL:     5   Next: 28%
Magic:  8/8        EV: 12    Int: 13 (14) God:
Gold:   156        SH:  0    Dex: 10 (11) Spells: 5/8 levels left

rFire    . . .     SeeInvis .     - Unarmed
rCold    . . .     Gourm    .   (no shield)
rNeg     . . .     Faith    .   (armour unavailable)
rPois    .         Spirit   .   (helmet restricted)
rElec    .         Reflect  .   d - scarf {cloud immunity}
rCorr    .         Harm     .   (no gloves)
MR       .....     Rnd*Tele +   (no boots)
Stlth    +.........             (no amulet)
HPRegen  0.14/turn              i - ring of teleportation (curse)
MPRegen  0.11/turn              (no ring)

@: no status effects
A: unfitting armour, cold-blooded, AC +5
a: no special abilities


You were on level 3 of the Dungeon.
You were hungry.

You visited 1 branch of the dungeon, and saw 3 of its levels.

You collected 156 gold pieces.

Inventory:

Hand Weapons
 h - a +0 hunting sling
Missiles
 a - 74 arrows
 e - 6 tomahawks (quivered)
 j - 95 stones
Armour
 d - a scarf of cloud immunity (worn)
Jewellery
 i - a cursed ring of teleportation (left hand)
Scrolls
 k - a scroll of identify
Potions
 f - a potion of degeneration
Comestibles
 c - 6 rations


   Skills:
 + Level 2.8 Fighting
 + Level 2.9 Dodging
 - Level 3.0 Unarmed Combat
 - Level 2.0 Spellcasting
 * Level 4.1 Transmutations


You had 5 spell levels left.
You knew the following spells:

 Your Spells              Type           Power        Failure   Level  Hunger
a - Beastly Appendage     Tmut           ##....       4%          1    ##.....
b - Sticks to Snakes      Tmut           ##......     7%          2    ###....

Your spell library contained the following spells:

 Spells                   Type           Power        Failure   Level  Hunger
 Spider Form              Tmut/Pois      #.........   32%         3    ####...
 Ice Form                 Ice/Tmut       #.......     71%         4    #####..
 Blade Hands              Tmut           ##........   77%         5    ######.


Dungeon Overview and Level Annotations

Branches:
Dungeon (3/15)

Altars:
Ashenzari
Elyvilon


Innate Abilities, Weirdness & Mutations

Your plain brown scales are hard. (AC +5)
You cannot fit into any form of body armour.
You are cold-blooded and may be slowed by cold attacks.


Message History

Okay, then.
You aren't carrying any items that you can evoke.
Unknown command.
Sorry, you're not good enough to have a special ability.
You hit the bat.
You kill the bat!
The adder closely misses you.
You miss the adder.
The adder is lightly wounded.
The adder barely misses you. The orc hits you with a +0 whip.
* * * LOW HITPOINT WARNING * * *
You hit the orc priest but do no damage.
The adder bites you but does no damage.
The orc priest invokes the aid of Beogh against you.
Pain shoots through your body!
* * * LOW HITPOINT WARNING * * *
The orc hits you but does no damage.
You hit the orc priest but do no damage.
The adder closely misses you. The orc priest hits you with a +0 club.
You die...

# #############
...............
.#...#...#...#.
.............[.
#######
.#...#..)#...#.
#.....#
...............
#.....# #
#############
#.....########
#......w..S@o#
######'########o#
...............#o#
#######.#S##.#.#.#
#...#.# # .#
#.###.# .# .# #.#
#w##.# .#
#.###....# .#
#......###


You could see a worm, an orc priest, an adder and 2 orcs.

Vanquished Creatures
  3 gnolls (D:2)
  2 adders
  A shadow imp (D:2)
  2 oozes (D:3)
  5 worms
  2 dart slugs
  2 leopard geckos (D:1)
  11 bats
  A giant cockroach (D:1)
  11 goblins
  5 hobgoblins
  5 kobolds
  A quokka (D:2)
  A ball python (D:2)
  2 frilled lizards (D:2)
  13 rats
67 creatures vanquished.

Vanquished Creatures (collateral kills)
  Ijyb (D:3)
  A gnoll (D:2)
  2 orcs (D:3)
  A rat (D:2)
5 creatures vanquished.

Grand Total: 72 creatures vanquished

Notes
Turn   | Place    | Note
-------+----------+-------------------------------------------
     0 | D:1      | riellis the Draconian Transmuter began the quest for the
                  | Orb.
     0 | D:1      | Reached XP level 1. HP: 16/16 MP: 3/3
   369 | D:1      | Reached XP level 2. HP: 20/23 MP: 5/5
   551 | D:1      | Learned a level 2 spell: Sticks to Snakes
   699 | D:1      | Found a shattered altar of Ashenzari.
  1130 | D:2      | Reached XP level 3. HP: 29/29 MP: 6/6
  1215 | D:2      | Reached skill level 3 in Transmutations
  1910 | D:2      | Reached XP level 4. HP: 22/36 MP: 5/7
  3276 | D:3      | Noticed Ijyb
  3284 | D:3      | Paralysed by Ijyb for 2 turns
  3294 | D:3      | Paralysed by Ijyb for 7 turns
  3303 | D:3      | Found a white marble altar of Elyvilon.
  3366 | D:3      | Killed Ijyb
  3366 | D:3      | Reached skill level 4 in Transmutations
  3366 | D:3      | Reached XP level 5. HP: 8/42 MP: 1/8
  3497 | D:3      | HP: 1/44 [orc/+0 club (5)]
  3531 | D:3      | HP: 2/44 [orc/+0 whip (2)]
  3533 | D:3      | Slain by an orc priest

Vault maps used:
D:1:      lemuel_arrival_tunnels, evilmike_ruin_ashenzari
D:2:      minmay_door_path, first_ration, minmay_mini_jars
D:3:      lemuel_coloured_pillars_altar, uniq_sigmund, uniq_ijyb

Skill      XL: |  1  2  3  4 |
---------------+-------------+-----
Dodging        | 2 |  2.9
Transmutations | 3 4 |  4.1
Fighting       | 2 |  2.8
Unarmed Combat | |  3.0
Spellcasting   | |  2.0

Action                   |  1- 3 |  4- 6 || total
-------------------------+-------+-------++-------
Melee: Unarmed           |   195 |   166 ||   361
       Tailslap          |    21 |    23 ||    44
       Punch             |     4 |     1 ||     5
       Kick              |     2 |     5 ||     7
       Headbutt          |     2 |    16 ||    18
Throw: Tomahawk          |     2 |     7 ||     9
 Cast: Beastly Appendage |     7 |     8 ||    15
       Sticks to Snakes  |       |     8 ||     8
  Use: Scroll            |     4 |       ||     4
       Potion            |       |     3 ||     3
 Stab: Distracted        |       |     2 ||     2
       Sleeping          |       |     1 ||     1
  Eat: Chunk             |     4 |     5 ||     9
Armor: Skin              |    73 |    72 ||   145
Dodge: Dodged            |   128 |   133 ||   261

Table legend:
 A = Non-vault XP
 B = Vault XP
 C = Vault XP percentage of total XP
 D = Non-vault monster count
 E = Vault monster count
 F = Vault count percentage of total count
                 A         B        C        D         E       F
            +---------+---------+-------+---------+---------+-------
      Total |     184 |      65 |  26.1 |      58 |      14 |  19.4
            +---------+---------+-------+---------+---------+-------
        D:1 |      40 |       0 |   0.0 |      22 |       0 |   0.0
        D:2 |     104 |      35 |  25.2 |      28 |      13 |  31.7
        D:3 |      40 |      30 |  42.9 |       8 |       1 |  11.1
            +---------+---------+-------+---------+---------+-------
